 Dungeon Crawl Stone Soup version 0.20.0-15-g7f486f2 (webtiles) character file.

28 Chiseanne the Magician (level 3, 26/26 HPs)
             Began as a Demonspawn Wanderer on June 25, 2017.
             Quit the game on level 2 of the Dungeon.
             The game lasted 00:01:39 (766 turns).

Chiseanne the Magician (Demonspawn Wanderer)         Turns: 766, Time: 00:01:39

Health: 26/26      AC:  5    Str: 11    XL:     3   Next: 0%
Magic:  8/8        EV: 10    Int: 15    God:
Gold:   67         SH:  0    Dex: 12    Spells: 10/10 levels left

rFire    . . .     SeeInvis .   r - +0 hand axe
rCold    . . .     Gourm    .   (no shield)
rNeg     . . .     Faith    .   h - +0 ring mail
rPois    .         Spirit   .   (helmet restricted)
rElec    .         Reflect  .   (no cloak)
rCorr    .         Harm     .   (no gloves)
MR       .....                  (no boots)
Stlth    +.........             (no amulet)
Regen    0.1/turn               (no ring)
MPRegen  0.2/turn               (no ring)

@: no status effects
A: antennae 1, spiny 1
a: no special abilities


You were on level 2 of the Dungeon.
You were not hungry.

You visited 1 branch of the dungeon, and saw 2 of its levels.

You collected 67 gold pieces.

Inventory:

Hand Weapons
 e - a +0 dagger
 l - a +0 hunting sling of velocity
 r - a +0 hand axe (weapon)
Missiles
 i - 79 stones (quivered)
 k - 34 arrows
 q - 16 sling bullets
Armour
 d - a +0 robe
 h - a +0 ring mail (worn)
Jewellery
 p - a +5 ring of intelligence {unknown}
Scrolls
 c - 2 scrolls of teleportation
 j - a scroll of amnesia {unknown}
 s - a scroll of recharging {unknown}
Potions
 g - a potion of heal wounds {unknown}
 m - a potion of might {unknown}
 o - a potion of invisibility {unknown}
Books
 a - a book of Geomancy

   Spells                             Type                      Level
   a - Sandblast                      Earth                        1
   b - Passwall                       Transmutation/Earth          2
   c - Stone Arrow                    Conjuration/Earth            3
   d - Petrify                        Transmutation/Earth          4
   e - Lee's Rapid Deconstruction     Earth                        5
 b - the Papyrus of Flight

   Spells                             Type                      Level
   a - Shock                          Conjuration/Air              1
   b - Static Discharge               Conjuration/Air              3
Comestibles
 f - 2 bread rations
 n - 2 fruits


   Skills:
 * Level 1.5 Fighting
 * Level 1.1 Armour
 * Level 1.0 Dodging
 - Level 4.0 Spellcasting
   Level 1.0 Charms
   Level 2.0 Summonings
   Level 1.0 Transmutations
   Level 2.0 Evocations


You had 10 spell levels left.
You didn't know any spells.

Dungeon Overview and Level Annotations

Branches:
Dungeon (2/15)

Altars:


Innate Abilities, Weirdness & Mutations

You have a pair of small antennae on your head.
You are partially covered in sharp spines.


Message History

A frilled lizard comes into view.
The frilled lizard hisses angrily.
A kobold comes into view.
A worm comes into view.
The kobold shouts!
A goblin comes into view. It is wielding a dagger.
The goblin shouts!
The goblin moves out of view.
The frilled lizard bites you but does no damage.
You hit the kobold.
The kobold is heavily wounded.
You hit the frilled lizard.
You kill the frilled lizard!
You have reached level 3!
Your experience leads to an increase in your attributes!
Increase (S)trength, (I)ntelligence, or (D)exterity?
You feel stronger.
Your demonic ancestry asserts itself...
A pair of antennae grows on your head! The kobold closely misses you.
Are you sure you want to abandon this character and quit the game? (Confirm with "yes".)

... .. .. ..#
####.##..##
######..........
................
...............
.......K†.....#
.....#@#.#
.....w....#
.#...###.##
#g###...# ..
#<.### #....##
##.... .......
.........


You could see a worm, a goblin and a kobold.

Vanquished Creatures
  3 dart slugs (D:1)
  2 leopard geckos (D:1)
  2 giant cockroaches (D:1)
  A goblin (D:1)
  A hobgoblin (D:1)
  4 bats (D:1)
  3 frilled lizards
  4 kobolds (D:1)
  A rat (D:1)
21 creatures vanquished.

Notes
Turn   | Place    | Note
-------+----------+-------------------------------------------
     0 | D:1      | Chiseanne the Demonspawn Wanderer began the quest for the Orb.
     0 | D:1      | Chiseanne set off with: a book of Geomancy, the Papyrus of Flight, a scroll of teleportation, a +0 robe, a +0 dagger, a bread ration
     0 | D:1      | Reached XP level 1. HP: 13/13 MP: 5/5
     1 | D:1      | Identified the Papyrus of Flight
   309 | D:1      | Gained mutation: You are partially covered in sharp spines. [demonic ancestry]
   309 | D:1      | Reached XP level 2. HP: 20/20 MP: 7/7
   372 | D:1      | Reached skill level 1 in Armour
   522 | D:1      | Reached skill level 1 in Fighting
   527 | D:1      | Reached skill level 1 in Dodging
   765 | D:2      | Gained mutation: You have a pair of small antennae on your head. [demonic ancestry]
   765 | D:2      | Reached XP level 3. HP: 26/26 MP: 8/8
   766 | D:2      | Quit the game

Skill      XL: |  1  2 |
---------------+-------+-----
Armour         | 1 |  1.1
Fighting       | 1 |  1.5
Dodging        | 1 |  1.0
Spellcasting   | |  4.0
Charms         | |  1.0
Summonings     | |  2.0
Transmutations | |  1.0
Evocations     | |  2.0

Action                   || total
-------------------------++-------
Melee: Dagger            ||    58
       Hand axe          ||    19
Armor: Ring mail         ||    43
Dodge: Dodged            ||    49
